 Dungeon Crawl Stone Soup version 0.21.1-1-g345015fe64 (webtiles) character file.

6639 Lavandula the Cleaver (level 10, -3/84 HPs)
             Began as a Centaur Berserker on June 8, 2018.
             Was an Elder of Trog.
             Slain by an orc knight
             ... wielding a +0 halberd
              (14 damage)
             ... in a bailey.
             The game lasted 00:37:20 (4680 turns).

Lavandula the Cleaver (Centaur Berserker)           Turns: 4680, Time: 00:37:21

Health: -3/84      AC:  7    Str: 24    XL:     10   Next: 72%
Magic:  11/11      EV: 13    Int:  6    God:    Trog [****..]
Gold:   381        SH:  0    Dex: 13    Spells: 9/9 levels left

rFire    . . .     SeeInvis .   R - +2 war axe (flame)
rCold    + . .     Gourm    +   (no shield)
rNeg     . . .     Faith    .   p - +0 scale mail
rPois    .         Spirit   .   h - +0 helmet
rElec    .         Reflect  .   (no cloak)
rCorr    .         Harm     .   (no gloves)
MR       +....                  (no barding)
Stlth    +.........             m - amulet of the gourmand
HPRegen  0.24/turn              f - ring of protection from cold
MPRegen  0.12/turn              U - ring of protection from magic

@: agile, berserk cooldown, slowed
A: large, hooves 3, deformed body, speed 2, tough skin 3
a: Berserk, Trog's Hand, Brothers in Arms, Burn Spellbooks, Renounce Religion


You were in a bailey.
You worshipped Trog.
Trog was greatly pleased with you.
You were not hungry.

You visited 1 branch of the dungeon, and saw 10 of its levels.
You also visited: Sewer, Ossuary and Bailey.

You collected 381 gold pieces.

Inventory:

Hand Weapons
 a - a +2 hand axe
 n - a +0 battleaxe
 r - a +3 flail
 w - a +1 dire flail of holy wrath
 A - a +3 shortbow
 D - a +0 blowgun
 I - a +2 hand axe
 Q - a +1 mace of protection
 R - a +2 war axe of flaming (weapon)
Missiles
 o - 3 steel tomahawks (quivered)
 z - 128 arrows
 E - 7 needles of sleeping
 S - 2 curare-tipped needles
Armour
 b - a +0 animal skin
 h - a +0 helmet (worn)
 p - a +0 scale mail (worn)
 q - a +0 robe of positive energy
 t - a +0 chain mail
 y - a +0 ring mail
Jewellery
 f - a ring of protection from cold (left hand)
 m - an amulet of the gourmand (around neck)
 u - an uncursed ring of ice
 x - an uncursed ring of resist corrosion
 N - an uncursed ring of see invisible
 U - a ring of protection from magic (right hand)
Wands
 l - a wand of paralysis (21)
 K - a wand of digging (14)
Scrolls
 d - 3 scrolls of amnesia
 j - 2 scrolls of blinking {unknown}
 k - 3 scrolls of immolation
 G - a scroll of teleportation {unknown}
 J - 2 scrolls of remove curse
 M - a scroll of random uselessness {unknown}
 T - a scroll of noise {unknown}
Potions
 e - 5 potions of heal wounds
 i - a potion of magic {unknown}
 s - 8 potions of curing
 v - a potion of degeneration {unknown}
 B - a potion of might {unknown}
 C - 2 potions of agility
 F - a potion of mutation {unknown}
 H - a potion of haste {unknown}
 L - a potion of invisibility {unknown}
 O - a potion of flight {unknown}
 P - a potion of brilliance {unknown}
Comestibles
 c - 7 rations


   Skills:
 - Level 6.9 Fighting
 - Level 13.0 Axes
 - Level 5.1 Bows
 + Level 2.1 Armour
 - Level 1.4 Dodging
 - Level 1.7 Evocations


You had 9 spell levels left.
You didn't know any spells.

Dungeon Overview and Level Annotations

Branches:
Dungeon (10/15)            Temple (0/1) D:4            Lair (0/6) D:8
    Orc (0/2) D:9

Altars:

Annotations:
D:9 2 runed doors


Innate Abilities, Weirdness & Mutations

You have hooves in place of feet.
Armour fits poorly on your strangely shaped body.
You cover ground very quickly.
You have extremely tough skin. (AC +3)


Message History

You barely miss the orc warrior. You kick the orc warrior!
The orc warrior is severely wounded.
The orc warrior hits you but does no damage.
The orc warrior splashes around in the water.
You slash the orc warrior! You burn the orc warrior.
You kill the orc warrior!
Trog accepts your kill.
You hear a splash. x3
Your Armour skill increases to level 2!
You start resting.
An orc knight comes into view. It is wielding a halberd.
Okay, then.
You feel agile all of a sudden. The orc knight closely misses you.
The orc knight hits you with a halberd!!
* * * LOW HITPOINT WARNING * * *
There is an open door, spattered with blood here.
Okay, then.
You feel better. The orc knight hits you with a halberd!
You die...

.≈≈≈≈≈≈≈≈≈≈≈# ≈## ≈≈≈≈≈≈≈...
.≈≈≈≈≈≈≈##≈≈# ≈≈# ≈≈≈≈≈≈≈)..
.≈≈≈≈≈≈≈##≈### #≈# ≈≈≈≈≈≈≈...
.≈≈≈≈≈≈≈##≈')# +≈# ≈≈≈≈≈≈≈...
.≈≈≈≈≈≈≈##≈### ###≈# ≈≈≈≈≈≈≈...
.≈≈≈≈≈≈≈##≈')# #o'o# ≈≈≈≈≈≈≈...
.≈≈≈≈≈≈≈##≈#########≈# ≈≈≈≈≈≈≈...
.≈≈≈≈≈≈≈≈#≈≈##)#.##≈≈#≈≈≈≈≈≈≈≈...
.≈≈≈≈≈≈≈≈##≈≈#'#@#≈≈##≈≈≈≈≈≈≈≈...
.≈≈≈≈≈≈≈≈≈##≈)≈(≈o≈##≈≈≈≈≈≈≈≈≈...
.≈≈≈≈≈≈≈≈≈≈#########≈≈≈≈≈≈≈≈≈≈...
.≈≈#.#≈≈≈≈≈≈≈≈###≈≈≈≈≈≈≈≈#.#≈≈...
.≈##.∩#≈≈≈≈≈≈≈≈≈≈≈≈≈≈≈≈≈#∩.##≈...
.≈..^..≈≈≈≈≈≈≈≈≈≈≈≈≈≈≈≈≈..^..≈...
.≈##.##≈≈≈≈≈≈)≈≈≈≈≈≈≈≈≈≈##.##≈...
.≈≈#.#≈≈≈≈≈≈≈≈≈≈≈≈≈≈≈≈≈≈≈#.#≈≈...
.≈≈≈≈≈≈≈≈≈≈≈≈≈≈≈≈≈≈≈≈≈)≈≈≈≈≈≈≈...


You could see an orc knight.

Vanquished Creatures
  A two-headed ogre (D:10)
  Psyche (D:9)
  Sigmund (D:4)
  2 wraiths (Ossuary)
  3 yaks (D:7)
  A water moccasin (D:8)
  2 sky beasts (D:9)
  10 orc warriors
  6 centaurs
  2 ice beasts
  5 ogres
  A crocodile (D:9)
  4 big kobolds
  4 bullfrogs
  Blork the orc (D:5)
  A wyvern skeleton (D:8)
  5 killer bees (D:9)
  3 scorpions
  6 wights
  A howler monkey (D:7)
  2 bullfrog zombies
  3 hounds
  An orc wizard (D:4)
  An orc priest (D:7)
  2 centaur skeletons
  3 jellies
  3 iguanas
  4 worker ants
  A killer bee zombie (D:6)
  A hound skeleton (D:6)
  2 worker ant zombies (D:8)
  3 gnolls (D:4)
  A howler monkey skeleton (D:7)
  9 adders
  3 river rats (Sewer)
  A shadow imp (D:5)
  3 adder zombies
  4 worms
  2 dart slugs (D:2)
  2 leopard geckos
  39 orcs
  7 giant cockroaches
  3 goblins
  6 hobgoblins
  10 jackals
  32 kobolds
  A quokka (D:2)
  5 ball pythons (Sewer)
  2 ball python skeletons (Ossuary)
  4 bats
  4 frilled lizards
  2 hobgoblin zombies (Ossuary)
  2 kobold zombies (Ossuary)
  2 orc zombies (Ossuary)
  A quokka zombie (D:8)
  27 rats
258 creatures vanquished.

Vanquished Creatures (collateral kills)
  The ghost of kaisn the Grappler, a journeyman TrMo of Ashenzari (D:10)
  An orc warrior (Bailey)
  An ice beast (D:10)
  A centaur skeleton (D:10)
  An orc (Bailey)
5 creatures vanquished.

Vanquished Creatures (others)
  2 plants (D:8)
2 creatures vanquished.

Grand Total: 265 creatures vanquished

Notes
Turn   | Place    | Note
-------+----------+-------------------------------------------
     0 | D:1      | Lavandula the Centaur Berserker began the quest for the Orb.
     0 | D:1      | Reached XP level 1. HP: 19/19 MP: 1/1
   244 | D:1      | Reached skill level 3 in Axes
   325 | D:1      | Reached XP level 2. HP: 12/26 MP: 2/2
   578 | D:3      | Reached XP level 3. HP: 20/31 MP: 3/3
   715 | D:2      | Reached skill level 4 in Axes
   788 | D:2      | Reached ** piety under Trog
   791 | D:2      | Reached XP level 4. HP: 38/38 MP: 4/4
  1053 | D:4      | Reached skill level 5 in Axes
  1057 | D:4      | Reached XP level 5. HP: 45/45 MP: 5/5
  1089 | D:4      | Noticed Sigmund
  1114 | D:4      | Killed Sigmund
  1114 | D:4      | Reached skill level 6 in Axes
  1114 | D:4      | Reached XP level 6. HP: 8/51 MP: 6/6
  1128 | D:4      | Found a staircase to the Ecumenical Temple.
  1370 | D:5      | Entered Level 5 of the Dungeon
  1454 | D:5      | Noticed Blork the orc
  1462 | D:5      | Killed Blork the orc
  1462 | D:5      | Reached skill level 7 in Axes
  1553 | D:5      | Reached *** piety under Trog
  1593 | D:5      | Reached skill level 1 in Evocations
  1593 | D:5      | Reached XP level 7. HP: 34/57 MP: 6/8
  1823 | D:6      | Reached skill level 8 in Axes
  1963 | D:6      | Found a glowing drain.
  1967 | Sewer    | Entered a sewer
  2106 | Sewer    | Reached **** piety under Trog
  2294 | D:6      | Found a sand-covered staircase.
  2312 | D:6      | Reached XP level 8. HP: 63/63 MP: 9/9
  2398 | Ossuary  | Entered an ossuary
  2479 | Ossuary  | Noticed a flying skull
  2490 | Ossuary  | Noticed a flying skull
  2520 | Ossuary  | Noticed a flying skull
  2556 | Ossuary  | Reached skill level 9 in Axes
  2785 | D:6      | Reached skill level 10 in Axes
  2831 | D:7      | Reached ***** piety under Trog
  2970 | D:7      | Reached XP level 9. HP: 67/69 MP: 10/10
  2974 | D:7      | Reached skill level 11 in Axes
  3065 | D:6      | Received a gift from Trog
  3188 | D:8      | Reached skill level 12 in Axes
  3330 | D:8      | Found a staircase to the Lair.
  3331 | D:8      | Noticed a komodo dragon
  3686 | D:9      | Reached XP level 10. HP: 31/77 MP: 11/11
  3699 | D:9      | Noticed a cyclops
  3712 | D:9      | Found a large runed door.
  3717 | D:9      | Found a large runed door.
  3733 | D:9      | Reached skill level 13 in Axes
  3915 | D:9      | Found a staircase to the Orcish Mines.
  3929 | D:9      | Noticed Psyche
  3934 | D:9      | Killed Psyche
  3938 | D:9      | Reached skill level 5 in Fighting
  3938 | D:9      | Received a gift from Trog
  4008 | D:10     | Entered Level 10 of the Dungeon
  4008 | D:10     | Noticed kaisn's ghost (journeyman TrMo)
  4030 | D:10     | Killed kaisn's ghost
  4047 | D:10     | Noticed a two-headed ogre
  4051 | D:10     | Killed a two-headed ogre
  4092 | D:10     | Found a flagged portal.
  4107 | Bailey   | Entered a bailey
  4244 | Bailey   | Reached skill level 1 in Bows
  4619 | Bailey   | Reached skill level 5 in Bows
  4677 | Bailey   | Noticed an orc knight
  4679 | Bailey   | HP: 3/84 [orc knight/halberd (26)]
  4680 | Bailey   | Slain by an orc knight

Skill      XL: |  1  2  3  4  5  6  7  8  9 10 |
---------------+-------------------------------+-----
Axes           | 3 4 5 6 7 8 10 12 13 | 13.0
Evocations     | 1 |  1.7
Fighting       | 6 |  6.9
Bows           | 5 |  5.1
Armour         | 2 |  2.1
Dodging        | |  1.4

Action                   |  1- 3 |  4- 6 |  7- 9 | 10-12 || total
-------------------------+-------+-------+-------+-------++-------
Melee: Hand axe          |    76 |    87 |   134 |       ||   297
       Kick              |    11 |    12 |    56 |    12 ||    91
       War axe           |       |       |   128 |    79 ||   207
 Fire: Shortbow          |       |       |       |    41 ||    41
Invok: Berserk           |     4 |     7 |    18 |     5 ||    34
       Trog's Hand       |       |     1 |     4 |     8 ||    13
       Brothers in Arms  |       |       |       |     3 ||     3
Evoke: Wand              |       |     3 |       |     2 ||     5
  Use: Scroll            |       |       |     8 |     2 ||    10
       Potion            |       |       |     1 |     6 ||     7
 Stab: Paralysed         |       |     2 |       |       ||     2
  Eat: Chunk             |     1 |     3 |    17 |    10 ||    31
       Ration            |       |     2 |     2 |     1 ||     5
Armor: Animal skin       |    37 |     6 |       |       ||    43
       Scale mail        |       |    20 |   110 |    28 ||   158
       Ring mail         |       |       |     7 |       ||     7
       Skin              |       |       |     2 |     6 ||     8
Dodge: Dodged            |    39 |    37 |   118 |    37 ||   231
